[Event "*** Titled Tuesday Blitz"]
[Site "Chess.com"]
[Date "2021.03.30"]
[Round "4"]
[White "Artyom_ChessMate"]
[Black "DFeco"]
[Result "1-0"]
[WhiteElo "2543"]
[BlackElo "2316"]
[TimeControl "180+1"]
[EndTime "10:39:20 PDT"]
[Termination "Artyom_ChessMate won by resignation"]

1. e4 e5 2. Nf3 Nc6 3. Bb5 g6 4. d4 exd4 5. c3 d3 6. Bxd3 Bg7 7. O-O Nge7 8. Bc2 O-O 9. Bg5 h6 10. Bh4 d6 11. Nbd2 Be6 12. Nb3 Qd7 13. Nbd4 Bg4 14.
h3 Nxd4 15. cxd4 Bxf3 16. Qxf3 g5 17. Bg3 Bxd4 18. Bb3 Bg7 19. Rad1 Ng6 20. Qh5 Qe7 21. Qxg6 Kh8 22. Qf5 Rad8 23. f4 Bxb2 24. fxg5 hxg5 25. Qg4 Bg7 26. Rf5 Bh6 27. Rdf1 f6 28. h4 gxh4 29. Bxh4 Be3+ 30. Kh1 Bg5 31. Qh5+ Kg7 32. Bxg5 Rh8 33. Bxf6+ Qxf6 34. Rxf6 Rxh5+ 35. Kg1 Re5 36. Rf7+ Kh8 37. Rxc7 Rxe4 38. Rff7 Rh4 39. Rxb7 d5 40.
Rxa7 d4 41. Rad7 Rxd7 42. Rxd7 Rf4 43. g3 Rg4 44. Kf2 Re4 45. Rh7+ Kxh7 46. Bc2 Kg7 47. Bxe4 Kf6 48. Bd3 Ke5 49. Kf3 Kd5 50. a4 1-0

[Event "*** Titled Tuesday Blitz"]
[Site "Chess.com"]
[Date "2021.03.30"]
[Round "4"]
[White "korbul"]
[Black "Caterpiller35"]
[Result "1-0"]
[WhiteElo "2577"]
[BlackElo "2391"]
[TimeControl "180+1"]
[EndTime "10:39:22 PDT"]
[Termination "korbul won by resignation"]

1. d4 Nf6 2. Nf3 e6 3. Bf4 d5 4. e3 c5 5. c3 Bd6 6. Bg3 Qc7 7.
dxc5 Qxc5 8. Nbd2 O-O 9. Bd3 Nbd7 10. Qc2 e5 11. e4 dxe4 12. Nxe4 Nxe4 13. Bxe4 Nf6 14.
O-O Nxe4 15. Qxe4 f5 16. Qc2 f4 17. Ng5 Bf5 18. Qb3+ Kh8 19. Nf7+ Rxf7 20. Qxf7 Bg6 21. Qxb7 Rb8 22. Qa6 fxg3 23. hxg3 e4 24. Rad1 Be5 25. b4 Qxc3 26. Rc1 Qxb4 27. Rc8+ Qf8 28. Rxf8+ Rxf8 29. Qxa7 h5 30. Qc5 Rf5 31. Qc6 Kh7 32. Qxe4 Bf6 33.
Qe3 Ra5 34. Qd2 Ra3 35. Re1 Bc3 36. Qc1 Bb4 37. Re2 Rc3 38. Qb2 Ba5 39. Re5 Rc2 40.
Qxc2 1-0

[Event "*** Titled Tuesday Blitz"]
[Site "Chess.com"]
[Date "2021.03.30"]
[Round "4"]
[White "londonkid"]
[Black "KaterynaLagno"]
[Result "1-0"]
[WhiteElo "2513"]
[BlackElo "2680"]
[TimeControl "180+1"]
[EndTime "10:39:23 PDT"]
[Termination "londonkid won by resignation"]

1. d4 Nf6 2. c4 g6 3. Nc3 d5 4. Bg5 Ne4 5. Bh4 Nxc3 6. bxc3 dxc4 7. e3 Be6 8. Rb1 Nd7 9. Nh3 Bxh3 10. gxh3 Nb6 11.
Bg2 c6 12. a4 Bg7 13. a5 Nd5 14. Rxb7 O-O 15. Qa4 Nxc3 16. Qxc4 Qxa5 17. O-O g5 18. Bg3 e6 19. Bd6 Nd5 20. Bxf8 Rxf8 21. Qxc6 Nf6 22. Qc7 Qf5 23. Rxa7 g4 24. hxg4 Nxg4 25. h3 Nf6 26.
Kh1 Kh8 27. Ra5 Qd3 28. Rg1 Qd2 29. Rg5 Bh6 30. Qe5 Bxg5 31. Qxg5 Ne8 32. Be4 Qxf2 33. Qh6 Qxg1+ 34. Kxg1 Rg8+ 35. Kh2 Rg7 36. Qh4 Kg8 37. Qd8 Kf8 38. Bc6 1-0

[Event "*** Titled Tuesday Blitz"]
[Site "Chess.com"]
[Date "2021.03.30"]
[Round "4"]
[White "sorrm8thatscheckm8"]
[Black "Gnechko_Ruslan"]
[Result "1-0"]
[WhiteElo "2623"]
[BlackElo "2454"]
[TimeControl "180+1"]
[EndTime "10:39:23 PDT"]
[Termination "sorrm8thatscheckm8 won by resignation"]

1. d4 Nf6 2. c4 e6 3. Nf3 b6 4. a3 Bb7 5. Nc3 d5 6. cxd5 Nxd5 7. Qc2 g6 8. e4 Nxc3 9. bxc3 Bg7 10. Bb5+ c6 11. Bd3 O-O 12. O-O Nd7 13. Bg5 Bf6 14. Bh6 Bg7 15. Qd2 c5 16. Rad1 cxd4 17. cxd4 Rc8 18.
Bxg7 Kxg7 19. h4 Qc7 20. h5 Nf6 21. h6+ Kg8 22. Rfe1 Rfd8 23. Qg5 Qe7 24. Qf4 Rc7 25. a4 Rdc8 26. Qe5 Ne8 27. a5 bxa5 28. Qxa5 Ba8 29. Qa1 Qf8 30. d5 exd5 31. exd5 Qxh6 32. Ba6 Rd8 33. d6 Rcd7 34. Bb5 Bxf3 35. Bxd7 Qg5 36. Bh3 Bxd1 37. d7 Nf6 38. Rxd1 h5 39. Qxa7 Ng4 40. Qc7 Kg7 41. Bxg4 hxg4 42. Qc3+ Kh7 43. Qc4 Qe7 44. Qxg4 Kg7 45. Qd4+ Kh7 46. g3 Qe6 47. Kg2 Qe7 48. Rh1+ 1-0

[Event "*** Titled Tuesday Blitz"]
[Site "Chess.com"]
[Date "2021.03.30"]
[Round "4"]
[White "GregShahade"]
[Black "NiranjanNavalgund"]
[Result "1-0"]
[WhiteElo "2714"]
[BlackElo "2502"]
[TimeControl "180+1"]
[EndTime "10:39:24 PDT"]
[Termination "GregShahade won by checkmate"]

1. e4 e5 2. Nf3 Nc6 3. Bb5 a6 4.
Ba4 Nf6 5. O-O Be7 6. Re1 b5 7. Bb3 d6 8. c3 O-O 9. h3 Nb8 10. d4 Nbd7 11. Nbd2 Bb7 12. Bc2 Re8 13. Nf1 Bf8 14.
Ng3 g6 15. a4 Bg7 16. Bd3 b4 17. dxe5 Nxe5 18. Nxe5 dxe5 19. cxb4 Qe7 20. Qb3 Red8 21. Be3 Nd7 22. Rad1 Bf8 23. Bc4 Qxb4 24. Bxf7+ Kg7 25. Qe6 Qe7 26. Bh6+ Kh8 27. Bxf8 Qxe6 28. Bxe6 Nxf8 29. Bc4 Bc6 30. b3 Rxd1 31. Rxd1 Kg7 32. f3 Kf6 33. Nf1 Ne6 34. Bxe6 Kxe6 35. Rc1 Kd7 36. Nd2 Rb8 37.
Nc4 Ke6 38. Na5 Bd7 39. Rxc7 Rb6 40. Rc5 h5 41. Rxe5+ Kf6 42. Rc5 Be6 43. Kf2 Ke7 44. Rc6 Rb4 45. Rxa6 Kf7 46. h4 Bxb3 47. Nxb3 Rxb3 48.
a5 Ra3 49. Kg3 Kg7 50. Kf4 Ra2 51. g3 Ra3 52. e5 Kf7 53. Rf6+ Kg7 54. a6 Kh6 55. Rb6 Ra1 56. e6 Re1 57. a7 Ra1 58. e7 Rxa7 59. e8=Q Rf7+ 60. Ke5 Re7+ 61. Re6 Rh7 62. Qf8+ Rg7 63. Qxg7+ Kxg7 64. Re7+ Kh6 65.
Kf6 g5 66. hxg5# 1-0

[Event "*** Titled Tuesday Blitz"]
[Site "Chess.com"]
[Date "2021.03.30"]
[Round "4"]
[White "Nesty_Javi_Chess"]
[Black "mac0504"]
[Result "1-0"]
[WhiteElo "2620"]
[BlackElo "2440"]
[TimeControl "180+1"]
[EndTime "10:39:24 PDT"]
[Termination "Nesty_Javi_Chess won on time"]

1. e4 c5 2. Nf3 e6 3. d4 cxd4 4. Nxd4 Nc6 5. Nc3 Qc7 6. Be3 a6 7. Qd2 Nf6 8. f3 Be7 9. O-O-O b5 10. g4 Nxd4 11. Bxd4 Bb7 12. g5 Nh5 13. Bh3 O-O-O 14. Kb1 Kb8 15. Bf1 Rc8 16. Bd3 Rhd8 17. Qf2 Bc5 18. Ne2 e5 19. Bxc5 Qxc5 20. Qh4 g6 21. Rhe1 d5 22. Ng3 Nf4 23. Qxh7 dxe4 24. Nxe4 Qc7 25. Qg7 Nxd3 26. cxd3 Qc2+ 27. Ka1 Rxd3 28. Qxe5+ Ka8 29. Rb1 Rxf3 30. Nd6 Rb8 31. Nxb7 Rxb7 32.
Qe8+ Rb8 33. Qd7 Rb7 34. Qd4 Qc8 35. Rbc1 Qb8 36. Qe4 Rf5 37. Rc6 1-0

[Event "*** Titled Tuesday Blitz"]
[Site "Chess.com"]
[Date "2021.03.30"]
[Round "4"]
[White "MuhittinBuker"]
[Black "NoGalloNoParty"]
[Result "0-1"]
[WhiteElo "2202"]
[BlackElo "2402"]
[TimeControl "180+1"]
[EndTime "10:39:24 PDT"]
[Termination "NoGalloNoParty won by resignation"]

1. d4 Nf6 2. c4 g6 3. Nc3 d5 4.
cxd5 Nxd5 5. e4 Nxc3 6. bxc3 Bg7 7. Bc4 c5 8. Ne2 Nc6 9. Be3 O-O 10. O-O Qc7 11. Rc1 b6 12. Bf4 e5 13. d5 Na5 14.
d6 Qd7 15. Bd5 Rb8 16. Bg3 Nb7 17. Bxb7 Bxb7 18. Qd3 Rfd8 19. Rfd1 Qe6 20. c4 Bf8 21. Qc3 f6 22. f4 Bxd6 23. fxe5 Bxe5 24. Bxe5 Qxe5 25.
Qxe5 fxe5 26. Rd5 Bxd5 27. cxd5 Kf7 28. Rf1+ Ke7 29. Nc3 b5 30. g4 a6 31. g5 Rf8 32. Rd1 Rbd8 33. Kg2 Rf4 34. Re1 Kd6 35. Kg3 Rdf8 36. Re3 c4 37. a3 Kc5 38. Ne2 Rf1 39. h4 a5 40. Kg4 b4 41. axb4+ axb4 42. Ng3 R8f4+ 43. Kh3 R1f3 44. Rxf3 Rxf3 45. Kg2 Rxg3+ 46. Kxg3 b3 0-1

[Event "*** Titled Tuesday Blitz"]
[Site "Chess.com"]
[Date "2021.03.30"]
[Round "4"]
[White "SHIVACalypso"]
[Black "BlackWidow515"]
[Result "1-0"]
[WhiteElo "2401"]
[BlackElo "2194"]
[TimeControl "180+1"]
[EndTime "10:39:24 PDT"]
[Termination "SHIVACalypso won by resignation"]

1. Nf3 d5 2. c4 Nf6 3. g3 g6 4. Bg2 Bg7 5. O-O O-O 6. d4 b6 7. Nc3 Bb7 8. Ne5 e6 9. Qc2 Nbd7 10. e4 dxe4 11. Nxe4 Nxe4 12. Bxe4 Bxe4 13. Qxe4 Nxe5 14. dxe5 Qe7 15. Bf4 Rfd8 16. Rfd1 Qc5 17. b3 a5 18. a3 h5 19. Kg2 Kh7 20. h3 Kg8 21. b4 Qe7 22. b5 Rab8 23. Qc6 Rxd1 24.
Rxd1 Rd8 25. Re1 Qd7 26. Qb7 Qe7 27. h4 Rd7 28. Qc6 Bf8 29. Bg5 Qe8 30. Rd1 Bd6 31.
exd6 cxd6 32. Rxd6 1-0

[Event "*** Titled Tuesday Blitz"]
[Site "Chess.com"]
[Date "2021.03.30"]
[Round "4"]
[White "Legendinunknown"]
[Black "muchojogo"]
[Result "0-1"]
[WhiteElo "2596"]
[BlackElo "2424"]
[TimeControl "180+1"]
[EndTime "10:39:25 PDT"]
[Termination "muchojogo won by checkmate"]

1. d4 Nf6 2. c4 c5 3. d5 b5 4. Nd2 g6 5. e4 d6 6. cxb5 a6 7. a4 Bg7 8. Ra3 O-O 9. Ngf3 e6 10. dxe6 fxe6 11. Be2 d5 12. exd5 exd5 13. O-O axb5 14. axb5 Bb7 15. Nb3 Nbd7 16. Re1 Qb6 17. Bf1 Ne4 18.
Nbd2 Ndf6 19. Nxe4 Nxe4 20. Bd3 c4 21. Be3 Qxb5 22.
Bxe4 dxe4 23. Nd4 Qxb2 24. Rxa8 Rxa8 25. Ne6 Bc3 26. Rf1 Bf6 27. Qd7 c3 28. Bd4 Bxd4 29. Qxd4 Kf7 30. Qd7+ Kf6 31. Nc5 c2 32. Qe6+ Kg7 33.
Qe7+ Kg8 34. Qe6+ Kg7 35. h4 c1=Q 36. Qe7+ Kh8 37. Rxc1 Qxc1+ 38. Kh2 Qf4+ 39. g3 Qxf2+ 40. Kh3 Bc8+ 41. Ne6 Bxe6+ 42. Qxe6 Qf5+ 43. Qxf5 gxf5 44. h5 Re8 45. Kh4 e3 46. Kg5 e2 47. Kf6 e1=Q 48. Kf7 Qe6# 0-1

[Event "*** Titled Tuesday Blitz"]
[Site "Chess.com"]
[Date "2021.03.30"]
[Round "4"]
[White "MartinHollan"]
[Black "skeyman"]
[Result "1-0"]
[WhiteElo "2474"]
[BlackElo "2234"]
[TimeControl "180+1"]
[EndTime "10:39:25 PDT"]
[Termination "MartinHollan won by checkmate"]

1. d4 Nf6 2. Nf3 e6 3. c4 d5 4.
Nc3 Be7 5. Bf4 a6 6. e3 dxc4 7. Bxc4 b5 8. Be2 Bb7 9. O-O Nbd7 10. Ne5 Rc8 11. Bf3 Bxf3 12. Qxf3 c5 13. dxc5 Nxc5 14.
Nc6 Qb6 15. Nxe7 Kxe7 16. Bg5 h6 17. Bxf6+ gxf6 18. Rfd1 b4 19. Ne4 Nxe4 20. Qxe4 Rhg8 21.
g3 f5 22. Qh4+ Ke8 23. Rac1 Qb7 24. Rxc8+ Qxc8 25. Qxb4 Rg4 26. Qd6 Rc4 27. Qe5 Ke7 28.
Kg2 Rc1 29. Qd6+ Kf6 30. Qd4+ Ke7 31. Rxc1 Qxc1 32. Qa7+ Kf6 33. Qd4+ Ke7 34. Qc3 Qb1 35. a3 Qe4+ 36. f3 Qd5 37. Kf2 h5 38. Qb4+ Ke8 39.
Ke2 Qc6 40. Qc3 Qb5+ 41. Kf2 Ke7 42. h4 f6 43. Ke1 Kf7 44. Qc7+ Kg6 45. Qc3 Qd5 46.
e4 fxe4 47. Qc2 f5 48. fxe4 fxe4 49. Qd2 Qf5 50. Qg5+ Qxg5 51. hxg5 Kxg5 52. b4 Kg4 53. a4 Kxg3 54. b5 h4 55. b6 h3 56. b7 h2 57. b8=Q+ Kg2 58. Qg8+ Kf3 59. Qh7 Kg2 60.
Qg6+ Kf3 61. Qh5+ Kg2 62. Qg4+ Kh1 63. Kf1 e3 64. Qg2# 1-0

[Event "*** Titled Tuesday Blitz"]
[Site "Chess.com"]
[Date "2021.03.30"]
[Round "4"]
[White "mr65"]
[Black "AniJak"]
[Result "1-0"]
[WhiteElo "2109"]
[BlackElo "2306"]
[TimeControl "180+1"]
[EndTime "10:39:25 PDT"]
[Termination "mr65 won by resignation"]

1. e4 Nf6 2. e5 Nd5 3. d4 d6 4. Nf3 Bg4 5. Be2 Nc6 6. exd6 cxd6 7. O-O g6 8. h3 Bxf3 9. Bxf3 Nb6 10. Re1 Bg7 11.
c3 O-O 12. Bg5 f6 13. Be3 e5 14. dxe5 fxe5 15. Bd5+ Kh8 16. Na3 Nxd5 17. Qxd5 Qf6 18. Rad1 Rad8 19. Nc4 Ne7 20. Qxb7 d5 21. Nxe5 Rb8 22.
Qxa7 Qxe5 23. Bd4 Nc6 24. Bxe5 Nxa7 25. Bxg7+ Kxg7 26. Rxd5 Nc6 27. b4 Rbd8 28. Rc5 Rd6 29. b5 Na5 30. Re7+ Rf7 31. Rcc7 Rxe7 32. Rxe7+ Kf6 33.
Rxh7 Rd1+ 34. Kh2 Rd2 35. Ra7 Nc4 36. Kg3 Rd3+ 37. f3 Rxc3 38. Rc7 Ke6 39. a4 Kd6 40. b6 Rc2 41. a5 Ne3 42. Rxc2 Nxc2 43. Kf4 Kc6 44.
Kg5 Ne1 45. Kxg6 Nxg2 46. Kg5 Kb7 47. h4 Ka6 48. h5 Ne3 49. h6 Nd5 50. h7 1-0

[Event "*** Titled Tuesday Blitz"]
[Site "Chess.com"]
[Date "2021.03.30"]
[Round "4"]
[White "prachiti01"]
[Black "BeyondMadness"]
[Result "1-0"]
[WhiteElo "1977"]
[BlackElo "2283"]
[TimeControl "180+1"]
[EndTime "10:39:25 PDT"]
[Termination "prachiti01 won on time"]

1. Nf3 g6 2. g3 Bg7 3. Bg2 c5 4. O-O Nc6 5. d3 d6 6. c4 e5 7. Nbd2 Nge7 8. Rb1 Rb8 9. a3 a6 10. b4 cxb4 11. axb4 b5 12. cxb5 axb5 13. e3 O-O 14. Ne4 h6 15. Nc3 Be6 16. e4 f5 17.
Bd2 Qd7 18. Ne1 Nd4 19. Be3 f4 20. Bxd4 exd4 21. Nd5 fxg3 22. hxg3 Nc6 23. Nf4 Bf7 24. Bh3 Qe7 25. Nd5 Bxd5 26. exd5 Ne5 27. Be6+ Kh7 28. f4 Nd7 29. Nf3 Nf6 30. Qb3 Nh5 31. Rbe1 Qf6 32. Kg2 Rbe8 33. Qc2 Re7 34. Qc6 Ra7 35. Re2 Ra3 36. Qxb5 Rc3 37. Qa6 g5 38. fxg5 hxg5 39. Nd2 Qg6 40. Rxf8 Bxf8 41. Ne4 Rc1 42.
Qa7+ Bg7 43. Qa8 Be5 44. Qb7+ Kh6 45. Qf7 1-0

[Event "*** Titled Tuesday Blitz"]
[Site "Chess.com"]
[Date "2021.03.30"]
[Round "4"]
[White "Artem_Sadovsky"]
[Black "WisdomGame"]
[Result "0-1"]
[WhiteElo "2621"]
[BlackElo "2025"]
[TimeControl "180+1"]
[EndTime "10:39:26 PDT"]
[Termination "WisdomGame won on time"]

1. a4 g6 2. h4 h5 3. a5 a6 4. d4 Bg7 5. e4 d6 6. c3 Nc6 7. Bc4 Nf6 8. f3 e5 9. Ne2 O-O 10. Bg5 Ne7 11. Qb3 Nh7 12. Be3 c6 13. dxe5 dxe5 14.
Na3 Qe8 15. Rd1 Kh8 16. Bc5 f5 17. Ng3 Nf6 18. O-O f4 19. Nh1 Nh7 20. Nf2 Bf6 21. Be6 Bxh4 22. Nd3 Bf6 23. Nc4 Bxe6 24. Qb4 Bxc4 25. Qxc4 Qf7 26. Qb4 g5 27. Nxe5 Bxe5 28.
Bxe7 Rg8 29. Rd7 Qe6 30. Qxb7 g4 31. Bh4 Qg6 32. fxg4 hxg4 33. Rxf4 Raf8 34. Rxg4 Qh6 35. Rxg8+ Rxg8 36. Bf2 Qc1+ 0-1

[Event "*** Titled Tuesday Blitz"]
[Site "Chess.com"]
[Date "2021.03.30"]
[Round "4"]
[White "juancruzarias"]
[Black "ChelsieMonica"]
[Result "0-1"]
[WhiteElo "2554"]
[BlackElo "2394"]
[TimeControl "180+1"]
[EndTime "10:39:27 PDT"]
[Termination "ChelsieMonica won by checkmate"]

1. e4 e5 2. Nf3 Nc6 3. Bb5 a6 4. Bxc6 dxc6 5. d4 exd4 6. Qxd4 Qxd4 7. Nxd4 Bd7 8. Nc3 O-O-O 9. Be3 g6 10. O-O-O Bg7 11.
Rhe1 Nf6 12. f3 Rhe8 13. Nb3 b6 14. Rd2 Be6 15. Red1 Rxd2 16. Rxd2 Rd8 17. Nd4 Bd7 18. Nde2 Re8 19. g4 h5 20. g5 Nh7 21. h4 f6 22.
Nf4 fxg5 23. Nxg6 g4 24. Rf2 Nf6 25. e5 Nd5 26. Nxd5 cxd5 27. fxg4 Bxg4 28. Bg5 Bxe5 29. Ne7+ Kb7 30. Nxd5 Re6 31. c4 b5 32. b3 bxc4 33. bxc4 Rc6 34. Ne3 Bd4 35. Rc2 Bf3 36. Kd2 Be4 37. Rc1 Rb6 38. Nd5 Rb2+ 39. Ke1 Bd3 40. Bd2 Be5 41. Nb4 Bg3+ 42. Kd1 Bf5 43. c5 Bg4# 0-1

[Event "*** Titled Tuesday Blitz"]
[Site "Chess.com"]
[Date "2021.03.30"]
[Round "4"]
[White "NicoChasin"]
[Black "NoboaKevin1999"]
[Result "1-0"]
[WhiteElo "2618"]
[BlackElo "2435"]
[TimeControl "180+1"]
[EndTime "10:39:29 PDT"]
[Termination "NicoChasin won on time"]

1. d4 e6 2. e4 d5 3. Nc3 Nf6 4. Bg5 Bb4 5. e5 h6 6. Be3 Ne4 7. a3 Bxc3+ 8. bxc3 c5 9. Qg4 g6 10. Bd3 h5 11. Qf4 Nxc3 12. dxc5 Nc6 13. Bd4 Qa5 14. Kf1 Nxd4 15. Qxd4 Bd7 16. Qb4 b6 17. Qxa5 bxa5 18. Ba6 Rb8 19. Ne2 Ne4 20. Bd3 Nxc5 21. Nd4 Rb2 22. Ke2 Ke7 23. Rhb1 Rhb8 24. Rxb2 Rxb2 25.
Kd2 Ba4 26. Kc3 Rb6 27. f3 g5 28. Be2 Nd7 29. f4 gxf4 30. Bxh5 Nxe5 31. Rf1 Rb7 32. Rxf4 Rc7+ 33. Kd2 Be8 34. Nb3 Nc4+ 35. Kd3 a4 36.
Nd2 Nxa3 37. c3 Nb5 38. Rxa4 Rxc3+ 39. Ke2 Rc2 40. Ra5 Rb2 41. Kd3 Nd6 42. Rxa7+ Kf6 43. Bf3 Bb5+ 44. Kc3 Nc8 45. Rc7 Rxd2 46. Kxd2 Nd6 47.
Ke3 Ke5 48. h4 Ba4 49. h5 Bb3 50. h6 Nf5+ 51. Kd3 Nxh6 52. Bh5 f6 53. g4 Bd1 54. g5 Bxh5 55. gxh6 Bg6+ 56. Kd2 d4 57. h7 Be4 58. h8=Q 1-0

[Event "*** Titled Tuesday Blitz"]
[Site "Chess.com"]
[Date "2021.03.30"]
[Round "4"]
[White "NoGuru"]
[Black "Kretov_Evgenij"]
[Result "1-0"]
[WhiteElo "2342"]
[BlackElo "2553"]
[TimeControl "180+1"]
[EndTime "10:39:30 PDT"]
[Termination "NoGuru won by resignation"]

1. Nf3 c5 2. c4 Nf6 3. Nc3 e6 4.
e3 Be7 5. d4 cxd4 6. exd4 d5 7.
Bd3 dxc4 8. Bxc4 O-O 9. O-O Nbd7 10. Re1 Nb6 11. Bb3 Nbd5 12. Qe2 b6 13. Ne5 Bb7 14. Bg5 h6 15. Bd2 Re8 16. Rad1 Bf8 17. Bc2 Nxc3 18. bxc3 Qd5 19. f3 Qxa2 20. Qd3 Ba6 21. c4 Qa3 22. Qxa3 Bxa3 23. Ra1 Bb2 24. Rxa6 Bxd4+ 25. Kf1 Rec8 26. Bb3 Rc7 27. Nd3 Rd8 28. Bf4 Rb7 29. Be5 Kf8 30. Bxd4 Rxd4 31. Ke2 Nd7 32. Rea1 Nc5 33.
Nxc5 bxc5 34. Bc2 Rxc4 35. R1a2 Ke7 36. Be4 Rb3 37. Rxa7+ Kf6 38. Rc7 g5 39. Rc2 Rbc3 40. Rxc3 Rxc3 41. Kd2 Rc4 42. Bd3 Rh4 43. h3 h5 44. Rxc5 g4 45. hxg4 hxg4 46. f4 Rh2 47. Be4 g3 48. Ke2 Rh1 49. Kf3 Re1 50. Rc4 Ke7 51.
Kxg3 f6 52. Bf3 e5 53. fxe5 fxe5 54. Re4 1-0

[Event "*** Titled Tuesday Blitz"]
[Site "Chess.com"]
[Date "2021.03.30"]
[Round "4"]
[White "FGHSMN"]
[Black "Kotofeyca"]
[Result "0-1"]
[WhiteElo "2651"]
[BlackElo "2378"]
[TimeControl "180+1"]
[EndTime "10:39:31 PDT"]
[Termination "Kotofeyca won on time"]

1. e4 c5 2. Nf3 d6 3. d4 cxd4 4. Nxd4 Nf6 5. Nc3 a6 6. h3 b5 7.
Bd3 Bb7 8. Qe2 e6 9. a3 Be7 10. Be3 Nc6 11. Nxc6 Bxc6 12. O-O Qc7 13. Rad1 O-O 14.
f4 Qb7 15. Bd4 Rab8 16. e5 Nd5 17. Nxd5 Bxd5 18. f5 dxe5 19. Bxe5 Rbd8 20. f6 Bc5+ 21.
Kh1 g6 22. Qd2 Kh8 23. Qh6 Rg8 24. Rf4 Bxg2+ 25. Kh2 Be3 26. Rg1 Bxf4+ 27. Bxf4 Be4 28. Be2 Qd5 29. Rg4 g5 30. Bxg5 Rg6 31. Qh4 Bf5 32. Rf4 Qe5 33. Bh5 Rd3 34. cxd3 Bxd3 35. Bxg6 Qe2+ 0-1

[Event "*** Titled Tuesday Blitz"]
[Site "Chess.com"]
[Date "2021.03.30"]
[Round "4"]
[White "guillembaches"]
[Black "AndrewMaco"]
[Result "0-1"]
[WhiteElo "2470"]
[BlackElo "2628"]
[TimeControl "180+1"]
[EndTime "10:39:33 PDT"]
[Termination "AndrewMaco won on time"]

1. e4 c5 2. Nf3 d6 3. d4 cxd4 4. Nxd4 Nf6 5. Nc3 a6 6. Be2 e5 7.
Nf3 Be7 8. Bg5 Be6 9. Bxf6 Bxf6 10. Nd5 Nd7 11. Bc4 O-O 12. O-O Rc8 13. Qe2 Nb6 14.
Nxb6 Qxb6 15. Bxe6 fxe6 16. c3 d5 17. Rad1 Rcd8 18.
b3 Rfe8 19. Rd3 Qc6 20. Rfd1 dxe4 21. Rxd8 Rxd8 22. Rxd8+ Bxd8 23. Nxe5 Qxc3 24. Qd1 Qxe5 25. Qxd8+ Kf7 26. Qd7+ Kg6 27. Qe8+ Kh6 28. g3 e3 29. fxe3 Qxe3+ 30. Kg2 Qe4+ 31. Kh3 Qf5+ 32. Kg2 e5 33. Qe7 Qe4+ 34. Kh3 Qd5 35. Kh4 e4 36. g4 g5+ 37. Kg3 Kg6 38. Qe8+ Kf6 39. Qf8+ Ke5 40. Qe7+ Kd4 41. Qxh7 e3 42. Qg7+ Kd3 43. Qg6+ Kd2 44. h4 e2 0-1

[Event "*** Titled Tuesday Blitz"]
[Site "Chess.com"]
[Date "2021.03.30"]
[Round "4"]
[White "Twitch_ElhamBlitz05"]
[Black "DeTimmerman"]
[Result "0-1"]
[WhiteElo "2870"]
[BlackElo "2742"]
[TimeControl "180+1"]
[EndTime "10:39:34 PDT"]
[Termination "DeTimmerman won by resignation"]

1. e4 e5 2. Nc3 Nf6 3. Bc4 Nxe4 4. Qh5 Nd6 5. Bb3 Nc6 6. Nb5 g6 7. Qf3 f5 8. Qd5 Qf6 9. Nxc7+ Kd8 10. Nxa8 b6 11. h4 Bb7 12. Qf3 Bxa8 13. d3 Be7 14. Bg5 Qg7 15. Bxe7+ Qxe7 16. O-O-O Kc7 17. Ne2 Nd4 18. Qe3 f4 19. Qd2 N6f5 20. Nxd4 Nxd4 21. f3 Nf5 22. h5 g5 23. Rhe1 Qc5 24. Kb1 Ne3 25. d4 exd4 26. Qxd4 Qxd4 27. Rxd4 h6 28.
Rd2 Bc6 29. c3 Rh7 30. Bc2 Rg7 31. Be4 Bxe4+ 32. fxe4 Re7 33. g3 Rxe4 34. gxf4 gxf4 35. Kc1 Kc6 36. Rd4 Rxd4 37. cxd4 Kd5 38. Kd2 Kxd4 39.
Ke2 Ke4 40. Rg1 d5 41. Rg7 d4 42. Re7+ Kf5 43. Rxa7 Ng4 44. Rf7+ Ke4 45. Re7+ Ne5 46. a4 f3+ 47. Ke1 Kf4 48. Re8 d3 49. Rf8+ Ke3 50. b4 d2+ 51. Kd1 Nc4 52. Re8+ Kd3 53. Rd8+ Kc3 54. Rc8 f2 55. Ke2 f1=Q+ 0-1

[Event "*** Titled Tuesday Blitz"]
[Site "Chess.com"]
[Date "2021.03.30"]
[Round "4"]
[White "Redbandit87"]
[Black "HeroString"]
[Result "1-0"]
[WhiteElo "2361"]
[BlackElo "2239"]
[TimeControl "180+1"]
[EndTime "10:39:34 PDT"]
[Termination "Redbandit87 won on time"]

1. d4 d5 2. Bf4 Nf6 3. e3 Bf5 4. c4 c6 5. Nc3 e6 6. Nf3 Nbd7 7. h3 Be7 8. Qb3 Qb6 9. c5 Qxb3 10.
axb3 O-O 11. b4 a6 12. Be2 Ne4 13. Nxe4 Bxe4 14. O-O f6 15. Nd2 Bg6 16. Bg4 Kf7 17. Nb3 Bd8 18. Bd6 Re8 19. Ra3 Be7 20. Bh2 Bd8 21.
Be2 e5 22. b5 cxb5 23. Bxb5 Ke6 24. Rc1 Rc8 25. Be2 Nb8 26. Bg4+ Bf5 27. Bf3 e4 28.
Be2 Nc6 29. Nd2 Bc7 30. Rb1 Nb4 31. Ra4 Nc6 32. b4 Bxh2+ 33. Kxh2 Ra8 34. Nb3 Kd7 35. Na5 Kc7 36. Nxc6 Kxc6 37. Rba1 Rab8 38. b5+ axb5 39. Ra5 Bd7 40. Bxb5+ Kc7 41. Bxd7 Kxd7 42. Rb1 Kc7 43. Kg3 Red8 44. Rab5 Re8 45. Rb6 Red8 46. Kf4 1-0

[Event "*** Titled Tuesday Blitz"]
[Site "Chess.com"]
[Date "2021.03.30"]
[Round "4"]
[White "Ladislav1969"]
[Black "nikitadovbnya2008"]
[Result "0-1"]
[WhiteElo "2334"]
[BlackElo "2204"]
[TimeControl "180+1"]
[EndTime "10:39:34 PDT"]
[Termination "nikitadovbnya2008 won on time"]

1. e4 c5 2. d4 cxd4 3. c3 dxc3 4. Nxc3 Nc6 5. Nf3 d6 6. Bc4 a6 7.
O-O Nf6 8. Bg5 e6 9. Qd2 Be7 10. Rfd1 O-O 11. Bxf6 gxf6 12. Qh6 Kh8 13. Qh5 Qa5 14.
e5 Nxe5 15. Bd3 Nxf3+ 16. Qxf3 f5 17. Rac1 d5 18. Ne2 Bd7 19. Nf4 Rac8 20. Rxc8 Rxc8 21.
Qh5 Qa4 22. g3 Rg8 23. Kh1 Bc6 24. Re1 d4+ 25. Kg1 Qa5 26. Re2 Qc5 27. Rc2 Qe5 28. Qxf7 Qe1+ 29. Bf1 Bb5 30. Re2 Bxe2 31. Nxe2 Qb4 32.
Nf4 Qd6 33. Nxe6 f4 34. Nxd4 fxg3 35. hxg3 Qxd4 36. Qxe7 Rxg3+ 37. Bg2 Qd1+ 38. Kh2 Rg8 0-1

[Event "*** Titled Tuesday Blitz"]
[Site "Chess.com"]
[Date "2021.03.30"]
[Round "4"]
[White "Supernotar"]
[Black "LileKoridze"]
[Result "1/2-1/2"]
[WhiteElo "2703"]
[BlackElo "2508"]
[TimeControl "180+1"]
[EndTime "10:39:35 PDT"]
[Termination "Game drawn - insufficient material"]

1. d4 Nf6 2. c4 e6 3. Nf3 d5 4. e3 Bb4+ 5. Nbd2 O-O 6. Bd3 c5 7. dxc5 dxc4 8. Bxc4 Bxc5 9. a3 a5 10. b3 Nc6 11. Bb2 b6 12. O-O Bb7 13. Qe2 Qe7 14.
Rfd1 Rfd8 15. h3 Rd7 16. a4 Rad8 17. Nf1 Nb4 18. Rxd7 Rxd7 19. Rd1 Ne4 20. N1d2 Qd8 21. Kf1 Nc2 22. Bb5 Nxe3+ 23. fxe3 Ng3+ 24. Kf2 Nxe2 25. Bxd7 Qxd7 26. Kxe2 f6 27. Nc4 Qc7 28. Bd4 Ba6 29. Bxc5 Qxc5 30. Nd2 b5 31. axb5 Bxb5 32. Kd3 Qd5+ 33.
Kc3 Qxg2 34. Nxa5 Qxh3 35. Ndc4 Qf3 36. Rd8+ Kf7 37. Nd6+ Ke7 38. Nab7 Bc6 39. Nc8+ Kf7 40. Nc5 Qxe3+ 41. Kb4 Qe1+ 42. Kc4 Bd5+ 43. Kb5 h5 44. Rd7+ Kg6 45. Nd6 Qe2+ 46. Kb6 Qb2 47. Ne8 Bxb3 48. Rxg7+ Kh6 49. Kc6 Bd5+ 50. Kc7 Qc3 51.
Kd6 Qb4 52. Rc7 Qb6+ 53. Ke7 h4 54. Nd7 Qb4+ 55. Kxf6 Qf4+ 56. Ke7 Qxc7 57. Nxc7 h3 58.
Ne5 h2 59. Ng4+ Kg5 60. Nxh2 Bg2 61. Nxe6+ Kh4 62. Nf4 Kg3 63. Nxg2 1/2-1/2

[Event "*** Titled Tuesday Blitz"]
[Site "Chess.com"]
[Date "2021.03.30"]
[Round "4"]
[White "Leo_C"]
[Black "eduardoperalta"]
[Result "1-0"]
[WhiteElo "2373"]
[BlackElo "2497"]
[TimeControl "180+1"]
[EndTime "10:39:35 PDT"]
[Termination "Leo_C won by resignation"]

1. d4 Nf6 2. c4 g6 3. f3 c5 4. d5 d6 5. e4 Bg7 6. Nc3 O-O 7.
Nge2 e6 8. Ng3 a6 9. a4 exd5 10.
cxd5 Nh5 11. Nxh5 gxh5 12. Bd3 f5 13. O-O Nd7 14. exf5 Ne5 15. Be4 Bxf5 16. Bxf5 Rxf5 17. Ne4 h4 18. f4 Ng6 19. Qg4 Qf8 20. Nxd6 Rf6 21.
Ne4 Rf5 22. Be3 b6 23. Ng5 Re8 24. Qh5 Bh6 25. Rae1 Rxe3 26. Rxe3 Bxg5 27. Qe2 Bxf4 28. Re8 Be3+ 29. Rxe3 Nf4 30. Qg4+ Kh8 31. Ref3 Ne2+ 32.
Kh1 Rxf3 33. Qxf3 Qxf3 34. Rxf3 Kg7 35. d6 Nd4 36. d7 Nc6 37. Re3 c4 38. Re8 b5 39.
axb5 axb5 40. d8=Q Nxd8 41. Rxd8 Kf6 42. Rb8 Ke5 43.
Rxb5+ Kd4 44. Rb8 Kd3 45. Rc8 h6 46. Kg1 Kc2 47. Rxc4+ Kxb2 48. Rxh4 1-0